 Dungeon Crawl Stone Soup version 0.25-a0-829-g4e6a552925 (webtiles) character file.

Game seed: 205972518982633267, levelgen mode: deterministic

75530 tilp the Sharpshooter (level 15, -11/88 HPs)
             Began as a Kobold Arcane Marksman on Apr 21, 2020.
             Was the Champion of Okawaru.
             Mangled by Jorgrun
             ... wielding a +0 vorpal quarterstaff
              (13 damage)
             ... on level 14 of the Dungeon.
             The game lasted 01:36:34 (31320 turns).

tilp the Sharpshooter (Kobold Arcane Marksman)     Turns: 31320, Time: 01:36:35

Health: -11/88     AC: 24    Str: 10    XL:     15   Next: 98%
Magic:  24/24      EV: 17    Int: 18    God:    Okawaru [******]
Gold:   3350       SH:  3    Dex: 28    Spells: 16/26 levels left

rFire    + . .     SeeInvis .   F - +6 arbalest "Damnation" {damnation}
rCold    . . .     Gourm    .   (shield currently unavailable)
rNeg     . . .     Faith    .   S - quicksilver dragon scales
rPois    .         Spirit   .   s - +2 helmet
rElec    .         Reflect  +   y - +2 cloak {MR+}
rCorr    .         Harm     .   W - +2 pair of gloves
MR       +++..                  n - +1 pair of boots
Stlth    ++++......             e - +3 amulet of reflection
HPRegen  0.24/turn              A - ring of Foraes {rF+ Dex+7 Stlth+}
MPRegen  0.19/turn              B - ring "Viradwia" {AC+4 Dex+5 Stlth-}

@: about to teleport, grasped by roots, constricted, studying Crossbows
A: small, carnivore
a: Heroism, Finesse, Renounce Religion


You were on level 14 of the Dungeon.
You worshipped Okawaru.
Okawaru was exalted by your worship.
You were full.

You visited 4 branches of the dungeon, and saw 23 of its levels.

You collected 4517 gold pieces.
You spent 1167 gold pieces at shops.

Inventory:

Hand Weapons
 a - the +7 triple crossbow of Modesty {venom, Str+5}
   (Okawaru gifted it to you on level 12 of the Dungeon)

   It poisons the ammo it fires.
   It affects your strength (+5).
 b - the +6 eveningstar "Bohos" {vorpal, MP+9 Str+3}
   (You bought it in a shop on level 2 of the Orcish Mines)

   It inflicts extra damage upon your enemies.
   It affects your strength (+3).
   It affects your magic capacity (+9).
 F - the +6 arbalest "Damnation" (weapon) {damnation}
   (You acquired it on level 7 of the Dungeon)
Missiles
 d - 165 bolts (quivered)
 Q - a throwing net
Armour
 n - a +1 pair of boots (worn)
 s - a +2 helmet (worn)
 x - the +2 buckler "Vaaliloap" {rElec rPois Regen+ Dex-4}
   (You found it on level 6 of the Lair of Beasts)

   It affects your dexterity (-4).
   It insulates you from electricity.
   It protects you from poison.
   It increases your rate of regeneration.
 y - a +2 cloak of magic resistance (worn)
 S - quicksilver dragon scales (worn)
 W - a +2 pair of gloves (worn)
Jewellery
 e - a +3 amulet of reflection (around neck)
 A - the ring of Foraes (left hand) {rF+ Dex+7 Stlth+}
   (You found it on level 7 of the Dungeon)

   [ring of protection from fire]

   It affects your dexterity (+7).
   It protects you from fire.
   It makes you more stealthy.
 B - the ring "Viradwia" (right hand) {AC+4 Dex+5 Stlth-}
   (You acquired it on level 3 of the Lair of Beasts)

   [ring of protection]

   It affects your AC (+4).
   It affects your dexterity (+5).
   It makes you less stealthy.
 Y - the ring "Daenicho" {+Fly rElec rC++ rCorr}
   (You found it on level 3 of the Lair of Beasts)

   [ring of resist corrosion]

   It greatly protects you from cold.
   It insulates you from electricity.
   It lets you fly.
   It provides partial protection from all sources of acid and corrosion.
 Z - an uncursed ring of see invisible
Wands
 m - a wand of paralysis (15)
 p - a wand of flame (53)
 H - a wand of polymorph (13)
 J - a wand of digging (17)
 P - a wand of acid (20)
 V - a wand of iceblast (21)
Scrolls
 h - a scroll of vulnerability {unknown}
 k - 7 scrolls of teleportation
 l - a scroll of brand weapon {unknown}
 o - a scroll of holy word {unknown}
 q - 10 scrolls of remove curse
 t - 2 scrolls of immolation
 v - a scroll of blinking {unknown}
 w - 4 scrolls of fog
 z - a scroll of noise {unknown}
 C - a scroll of summoning {unknown}
 I - a scroll of magic mapping
 M - a scroll of torment {unknown}
 R - 2 scrolls of amnesia
Potions
 g - 2 potions of brilliance
 i - 2 potions of mutation
 j - a potion of flight {unknown}
 r - a potion of ambrosia {unknown}
 u - 4 potions of haste
 D - 3 potions of berserk rage
 E - 3 potions of magic
 G - 2 potions of cancellation
 K - 2 potions of curing
 L - 2 potions of invisibility
 T - a potion of resistance
 U - 3 potions of might {unknown}
Books
 f - a manual of Crossbows
Miscellaneous
 O - 2 boxes of beasts
Comestibles
 c - 51 rations


   Skills:
 - Level 8.0 Fighting
 + Level 11.0 Maces & Flails
 + Level 20.3 Crossbows
 - Level 8.0 Dodging
 - Level 8.0 Stealth
 - Level 6.0 Spellcasting
 - Level 10.0 Hexes
 - Level 10.0 Invocations
 - Level 6.0 Evocations


You had 16 spell levels left.
You knew the following spells:

 Your Spells              Type           Power        Failure   Level  Hunger
a - Corona                Hex            #####..      1%          1    None
b - Slow                  Hex            #####...     1%          2    None
c - Portal Projectile     Hex/Tloc       ###...       12%         3    ##.....
d - Cause Fear            Hex            #####.....   4%          4    ####...

Your spell library contained the following spells:

 Spells                   Type           Power        Failure   Level  Hunger
 Inner Flame              Hex/Fire       ###.....     12%         3    ##.....
 Spectral Weapon          Hex/Chrm       ###.....     12%         3    ##.....
 Animate Skeleton         Necr           N/A          30%         1    None
 Apportation              Tloc           #.....       30%         1    None
 Foxfire                  Conj/Fire      #...         30%         1    None
 Freeze                   Ice            #...         30%         1    None
 Infusion                 Chrm           #...         30%         1    None
 Pain                     Necr           #...         30%         1    None
 Shock                    Conj/Air       #...         30%         1    None
 Summon Small Mammal      Summ           #...         30%         1    None
 Leda's Liquefaction      Hex/Erth       ###.......   36%         4    ####...
 Shroud of Golubria       Chrm/Tloc      #.....       43%         2    None
 Song of Slaying          Chrm           #.......     43%         2    None
 Swiftness                Chrm/Air       #.......     43%         2    None
 Frozen Ramparts          Ice            #.....       67%         3    ##.....
 Ozocubu's Armour         Chrm/Ice       #.......     67%         3    ##.....
 Static Discharge         Conj/Air       #.......     67%         3    ##.....
 Vampiric Draining        Necr           #.........   67%         3    ##.....
 Airstrike                Air            #.........   97%         4    ####...
 Animate Dead             Necr           N/A          97%         4    ####...
 Hailstorm                Conj/Ice       #.......     97%         4    ####...
 Summon Ice Beast         Ice/Summ       #.......     97%         4    ####...
 Agony                    Necr           #.......     100%        5    #####..
 Lightning Bolt           Conj/Air       #.........   100%        5    #####..
 Dragon Form              Tmut           #.........   100%        7    #######
 Dragon's Call            Summ           #.........   100%        9    #######


Dungeon Overview and Level Annotations

Branches:
Dungeon (14/15)            Temple (1/1) D:6            Lair (6/6) D:8
 Shoals (0/4) Lair:4        Snake (0/4) Lair:2        Slime (0/5) Lair:5
    Orc (2/2) D:11            Elf (0/3) Orc:2
 Vaults: D:13-14

Altars:
Ashenzari
Cheibriados
Dithmenos
Elyvilon
Fedhas
Gozag
Hepliaklqana
Kikubaaqudgha
Makhleb
Nemelex Xobeh
Okawaru
Qazlal
Ru
Sif Muna
Trog
Uskayaw
Vehumet
Wu Jian
Xom
Yredelemnul
Zin
The Shining One
Beogh

Shops:
Orc:2 ![([

Annotations:
D:4 Grinder
D:14 Jorgrun
Lair:3 3 runed translucent doors, Sygruoh's ghost, journeyman TeAE


Innate Abilities, Weirdness & Mutations

You are small and have problems with some larger weapons.
You are carnivorous and can eat meat at any time.


Message History

Jorgrun hits you but does no damage. The grasping roots constrict you.
Unknown command.
Okay, then.
Unknown command.
You feel better. Jorgrun hits you but does no damage.
The grasping roots constrict you.
Unknown command.
As you read the scroll of teleportation, it crumbles to dust.
You feel strangely unstable.
Jorgrun hits you with a +0 vorpal quarterstaff.
* * * LOW HITPOINT WARNING * * *
x3 The grasping roots constrict you.
Unknown command.
Fire/throw which item? (* to show all) (? for menu, Esc to quit)
Okay, then.
Firing (i - inventory. (/) - cycle)
d - 166 bolts (quivered)
Press: ? - help, Shift-Dir - straight line, p - Jorgrun You shoot a damnation bolt.
The damnation bolt explodes!
Jorgrun hits you but does no damage.
You die...

...........### ####.
..............# #.....
((............######.....
(........................
...(.....................
...(..†..................
#.....................<.
#.....g@................
#.......................
#.....#.....##........##
#.....#....#..........#.
#......#..#...........#.
#.......###...........##
+........###...........#
#........#..#..........#
#.......#....#.........#


You could see Jorgrun.

Vanquished Creatures
  An orc warlord (Orc:2)
  Nessos (Lair:6)
  Josephine (D:12)
  A yaktaur captain (D:13)
  An ice dragon (D:13)
  3 hydras
  2 death knights (D:13)
  A catoblepas (Lair:4)
  4 centaur warriors (D:13)
  6 two-headed ogres
  A tengu warrior (D:13)
  An ogre mage (D:13)
  2 orc high priests (Orc:2)
  Nergalle (Orc:1)
  4 skeletal warriors
  A deep elf knight (D:14)
  3 unseen horrors
  2 orc knights
  4 lindwurms (Lair:3)
  2 orc sorcerers
  2 ugly things
  2 cyclopes
  4 manticores
  3 black mambas
  Maurice (Orc:1)
  2 torpor snails (Lair:4)
  A gargoyle (D:11)
  24 spiny frogs
  An efreet (D:13)
  8 komodo dragons
  A freezing wraith (D:14)
  A rime drake (Lair:4)
  A queen bee (D:12)
  9 trolls
  A meliai (shapeshifter) (D:13)
  3 meliai (D:12)
  2 polar bears (Lair:4)
  3 tyrant leeches
  A jumping spider (shapeshifter) (D:13)
  7 dream sheep (Lair:6)
  8 hippogriffs
  19 blink frogs
  5 wraiths
  A spriggan (D:7)
  A spriggan (shapeshifter) (D:13)
  24 yaks
  Sigmund (D:5)
  A vampire (D:14)
  4 wyverns
  A basilisk (Lair:3)
  A steam dragon (D:12)
  3 hungry ghosts
  6 vampire mosquitoes
  6 wargs
  A soldier ant (D:11)
  5 nagas (Lair:2)
  An acid dragon (D:14)
  7 water moccasins
  8 porcupines
  3 sky beasts
  29 orc warriors
  2 ice beasts (D:13)
  5 black bears
  A hornet zombie (D:11)
  An eye of draining (D:13)
  5 phantoms
  2 necrophages
  A boggart (shapeshifter) (D:14)
  7 centaurs
  8 ogres
  5 crocodiles
  4 big kobolds
  An elf zombie (D:9)
  31 bullfrogs
  A gnoll sergeant (D:9)
  3 wyvern skeletons
  34 killer bees
  18 wights
  5 howler monkeys
  2 electric eels (Lair:6)
  6 crimson imps
  6 bullfrog zombies
  3 jellies
  A quasit (D:9)
  4 hounds
  2 human zombies (D:9)
  2 centaur zombies
  19 orc priests
  Crazy Yiuf (D:3)
  2 bullfrog skeletons
  2 centaur skeletons
  3 iguanas
  Natasha (D:3)
  Terence (D:3)
  7 hell rats (Lair:3)
  22 orc wizards
  8 worker ants
  4 mummies (D:9)
  Robin (D:2)
  8 gnolls
  A howler monkey skeleton (D:5)
  13 adders
  14 river rats (Lair:3)
  3 shadow imps
  6 oozes
  2 adder skeletons
  6 worms (D:2)
  6 leopard geckos
  80 orcs
  7 giant cockroaches
  15 goblins
  9 hobgoblins
  16 jackals
  23 kobolds
  9 quokkas
  3 ball pythons
  6 bats
  10 frilled lizards
  A leopard gecko zombie (D:6)
  2 orc zombies (D:9)
  2 quokka skeletons (D:5)
  18 rats
  3 fungi
  6 plants
754 creatures vanquished.

Vanquished Creatures (others)
  A cyclops (D:12)
  8 fungi
  30 plants
  4 toadstools (D:6)
43 creatures vanquished.

Grand Total: 797 creatures vanquished

Notes
Turn   | Place    | Note
-------+----------+-------------------------------------------
     0 | D:1      | tilp the Kobold Arcane Marksman began the quest for the
                  | Orb.
     0 | D:1      | Reached XP level 1. HP: 12/12 MP: 2/2
   191 | D:1      | Reached skill level 3 in Crossbows
   204 | D:1      | Reached XP level 2. HP: 15/16 MP: 0/3
   212 | D:1      | Learned a level 2 spell: Slow
   709 | D:1      | Reached skill level 4 in Crossbows
   709 | D:1      | Reached XP level 3. HP: 15/20 MP: 2/4
  1716 | D:2      | Reached XP level 4. HP: 16/25 MP: 3/5
  1934 | D:2      | Reached skill level 5 in Crossbows
  2673 | D:2      | Noticed Robin
  2682 | D:2      | Killed Robin
  2913 | D:2      | Reached XP level 5. HP: 29/29 MP: 4/6
  3339 | D:3      | Reached skill level 6 in Crossbows
  3398 | D:3      | Noticed Natasha
  3404 | D:3      | Killed Natasha
  3938 | D:3      | Found a runed translucent door.
  3939 | D:3      | Noticed Crazy Yiuf
  3940 | D:3      | Noticed Terence
  4069 | D:3      | Reached XP level 6. HP: 37/37 MP: 3/7
  4209 | D:3      | Found a white marble altar of Elyvilon.
  4384 | D:4      | Reached skill level 8 in Crossbows
  4384 | D:4      | Reached XP level 7. HP: 28/47 MP: 7/12
  4813 | D:4      | Noticed Grinder
  4832 | D:4      | Paralysed by Grinder for 7 turns
  5093 | D:4      | Reached skill level 9 in Crossbows
  5438 | D:4      | Found a roughly hewn altar of Beogh.
  5447 | D:4      | Reached XP level 8. HP: 50/52 MP: 13/13
  5523 | D:3      | Learned a level 3 spell: Portal Projectile
  5528 | D:3      | Learned a level 4 spell: Cause Fear
  5540 | D:5      | Entered Level 5 of the Dungeon
  5829 | D:5      | Noticed Sigmund
  5867 | D:5      | Killed Sigmund
  5867 | D:5      | Reached skill level 10 in Crossbows
  6048 | D:5      | Found a hazy altar of Hepliaklqana.
  6400 | D:6      | Reached XP level 9. HP: 29/57 MP: 14/14
  6645 | D:6      | Found a staircase to the Ecumenical Temple.
  6654 | Temple   | Entered the Ecumenical Temple
  6868 | Temple   | Became a worshipper of Warmaster Okawaru
  7117 | D:3      | Killed Terence
  7125 | D:3      | Killed Crazy Yiuf
  7987 | D:6      | Found a sacrificial altar of Ru.
  8067 | D:6      | Reached * piety under Okawaru
  8327 | D:7      | Reached skill level 5 in Invocations
  8408 | D:7      | Found a blossoming altar of Fedhas.
  8749 | D:7      | Reached skill level 5 in Stealth
  8765 | D:7      | Reached ** piety under Okawaru
  8765 | D:7      | Reached XP level 10. HP: 29/64 MP: 16/16
  9099 | D:7      | Found a shattered altar of Ashenzari.
  9506 | D:7      | Got a flickering ivory ring
  9507 | D:7      | Identified the ring of Foraes {rF+ Dex+7 Stlth+} (You found
                  | it on level 7 of the Dungeon)
  9825 | D:7      | Identified 2 scrolls of acquirement
  9826 | D:7      | Found the +6 arbalest "Damnation" {damnation}
 10093 | D:8      | Reached skill level 5 in Evocations
 10346 | D:8      | Reached *** piety under Okawaru
 10656 | D:8      | Found a staircase to the Lair.
 11171 | D:9      | Found a snail-covered altar of Cheibriados.
 11797 | D:9      | Found a basalt altar of Yredelemnul.
 11868 | D:9      | Reached XP level 11. HP: 66/66 MP: 17/17
 12014 | D:10     | Entered Level 10 of the Dungeon
 12072 | D:10     | Reached **** piety under Okawaru
 12780 | D:10     | Received a gift from Okawaru
 13070 | D:11     | Noticed a purple ugly thing
 13109 | D:10     | Killed a purple ugly thing
 13109 | D:10     | Reached skill level 11 in Crossbows
 13417 | D:11     | Found a staircase to the Orcish Mines.
 13565 | D:11     | Reached ***** piety under Okawaru
 13676 | D:11     | Reached skill level 12 in Crossbows
 13878 | Lair:1   | Entered Level 1 of the Lair of Beasts
 14889 | Lair:2   | Reached skill level 13 in Crossbows
 14889 | Lair:2   | Reached XP level 12. HP: 71/71 MP: 18/18
 15246 | Lair:2   | Received a gift from Okawaru
 15384 | Lair:2   | Found a staircase to the Snake Pit.
 15737 | Lair:3   | Received a gift from Okawaru
 15737 | Lair:3   | Reached skill level 14 in Crossbows
 15775 | Lair:3   | Received a gift from Okawaru
 15852 | Lair:3   | Received a gift from Okawaru
 15852 | Lair:3   | Reached skill level 5 in Spellcasting
 16328 | Lair:3   | Found a runed translucent gate.
 16330 | Lair:3   | Found a runed translucent gate.
 16337 | Lair:3   | Found a runed translucent gate.
 16400 | Lair:3   | Identified the ring "Viradwia" {AC+4 Dex+5 Stlth-} (You
                  | acquired it on level 3 of the Lair of Beasts)
 16506 | Lair:3   | Noticed a ten-headed hydra
 16506 | Lair:3   | Noticed a nine-headed hydra
 16507 | Lair:3   | Noticed Sygruoh's ghost (journeyman TeAE)
 16537 | Lair:3   | Received a gift from Okawaru
 17474 | Lair:3   | Got an ichor-stained morningstar
 17478 | Lair:3   | Got a wavering turquoise ring
 17649 | Lair:4   | Found a snail-covered altar of Cheibriados.
 17937 | Lair:4   | Reached XP level 13. HP: 76/76 MP: 22/22
 17974 | Lair:4   | Found a staircase to the Shoals.
 17998 | Lair:4   | Identified the +4 morningstar of Nemid {vorpal, rN+ Str+7
                  | Int+6} (You found it on level 3 of the Lair of Beasts)
 18039 | Lair:4   | Noticed a catoblepas
 18046 | Lair:4   | Killed a catoblepas
 18060 | Lair:4   | Reached skill level 10 in Invocations
 18440 | Lair:4   | Received a gift from Okawaru
 18889 | Lair:5   | Identified the ring "Daenicho" {+Fly rElec rC++ rCorr} (You
                  | found it on level 3 of the Lair of Beasts)
 18962 | Lair:5   | Found a staircase to the Slime Pits.
 19476 | Lair:6   | Entered Level 6 of the Lair of Beasts
 20179 | Lair:5   | Reached skill level 10 in Hexes
 20377 | Lair:6   | Reached skill level 1 in Maces & Flails
 21796 | Lair:5   | Received a gift from Okawaru
 22168 | Lair:6   | Received a gift from Okawaru
 22168 | Lair:6   | Reached skill level 15 in Crossbows
 22262 | Lair:6   | Reached XP level 14. HP: 41/84 MP: 23/23
 22605 | Lair:6   | Reached skill level 5 in Maces & Flails
 22705 | Lair:6   | Got a faintly humming buckler
 22747 | Lair:6   | Noticed Nessos
 22762 | Lair:6   | Killed Nessos
 23990 | Lair:6   | Identified the +2 pair of gloves of the Circus Animal
                  | {*Drain rElec rC+++ Stlth+} (You acquired it on level 6 of
                  | the Lair of Beasts)
 24136 | Lair:6   | Identified the +2 buckler "Vaaliloap" {rElec rPois Regen+
                  | Dex-4} (You found it on level 6 of the Lair of Beasts)
 24211 | Lair:6   | Reached ****** piety under Okawaru
 24678 | Orc:1    | Entered Level 1 of the Orcish Mines
 24729 | D:11     | Reached skill level 16 in Crossbows
 24836 | Orc:1    | Noticed Nergalle
 24841 | Orc:1    | Killed Nergalle
 24842 | Orc:1    | Received a gift from Okawaru
 25154 | Orc:1    | Found a roughly hewn altar of Beogh.
 25353 | Orc:2    | Entered Level 2 of the Orcish Mines
 26316 | Orc:2    | Found a staircase to the Elven Halls.
 26383 | Orc:2    | Found a roughly hewn altar of Beogh.
 26468 | Orc:2    | Found a roughly hewn altar of Beogh.
 26469 | Orc:2    | Found Jyegg's Armour Boutique.
 26521 | Orc:2    | Bought a +0 pair of boots for 54 gold pieces
 26821 | Orc:2    | Reached skill level 17 in Crossbows
 26833 | Orc:2    | Noticed an orc warlord
 26841 | Orc:2    | Killed an orc warlord
 27059 | Orc:2    | Found Qeggeontui's Antique Armour Shop.
 27061 | Orc:2    | Found a roughly hewn altar of Beogh.
 27068 | Orc:2    | Found Doerecw's Antique Weapon Boutique.
 27148 | Orc:2    | Found a roughly hewn altar of Beogh.
 27207 | Orc:2    | Found a roughly hewn altar of Beogh.
 27377 | Orc:2    | Found Votsog's Distillery.
 27383 | Orc:2    | Bought a potion of curing for 36 gold pieces
 27383 | Orc:2    | Bought a potion of curing for 36 gold pieces
 27383 | Orc:2    | Bought a potion of curing for 36 gold pieces
 27383 | Orc:2    | Bought a potion of mutation for 96 gold pieces
 27442 | Orc:2    | Found a roughly hewn altar of Beogh.
 27554 | Orc:2    | Bought a slimy eveningstar for 720 gold pieces
 27560 | Orc:2    | Bought a crude scale mail for 189 gold pieces
 27653 | Orc:1    | Noticed Maurice
 27658 | Orc:1    | Killed Maurice
 28100 | D:12     | Identified the +6 eveningstar "Bohos" {vorpal, MP+9 Str+3}
                  | (You bought it in a shop on level 2 of the Orcish Mines)
 28166 | D:12     | Reached XP level 15. HP: 59/88 MP: 19/24
 28166 | D:12     | Received a gift from Okawaru
 28168 | D:12     | Noticed Josephine
 28497 | D:12     | Reached skill level 18 in Crossbows
 28497 | D:12     | Killed Josephine
 28503 | D:12     | Received a gift from Okawaru
 29185 | D:12     | Received a gift from Okawaru
 29186 | D:12     | Got a fine triple crossbow {god gift}
 29187 | D:12     | Identified the +7 triple crossbow of Modesty {venom, Str+5}
                  | (Okawaru gifted it to you on level 12 of the Dungeon)
 29654 | D:13     | Reached skill level 10 in Maces & Flails
 29654 | D:13     | Reached skill level 19 in Crossbows
 29934 | D:13     | Received a gift from Okawaru
 30466 | D:13     | Received a gift from Okawaru
 30470 | D:13     | Identified the +3 scale mail "Balosoeh" {SInv} (You bought
                  | it in a shop on level 2 of the Orcish Mines)
 30956 | D:13     | Reached skill level 20 in Crossbows
 31116 | D:14     | Received a gift from Okawaru
 31304 | D:14     | Noticed Jorgrun
 31314 | D:14     | HP: 3/88 [Jorgrun/+0 vorpal quarterstaff (10)]
 31319 | D:14     | HP: 4/88 [Jorgrun/+0 vorpal quarterstaff (2)]
 31320 | D:14     | Mangled by Jorgrun

Levels and vault maps discovered:
D:1:      dpeg_arrival_signposts, layout_loops_ring, chequers_mini_garden
D:2:      layout_basic, serial_corexii_hall, chequers_hall_statues_corner_a,
          chequers_hall_statues_y, uniq_robin
D:3:      layout_rooms, nicolae_overflow_crystal_walls, kennysheep_nub,
          uniq_crazy_yiuf_cottage, uniq_natasha, uniq_terence
D:4:      layout_basic, hangedman_abyss_or_decor_stabs, kennysheep_orc_chapel,
          uniq_grinder
D:5:      layout_cave_pools, kennysheep_little_box, first_ration,
          serial_column_ruins, column_ruins_grid_3, column_ruins_open_small,
          column_ruins_open_medium, uniq_sigmund
D:6:      layout_cave_pools, nicolae_ru_sacrificial_ziggurat,
          lemuel_temple_firewalk_b, solitary_fountain, minmay_gold_behind_fungi
D:7:      layout_basic, basic_altar, the_bakery, fedhas_bush_and_centaur_altar
D:8:      layout_rooms, erik_lair_orcish_takeover
D:9:      layout_gridville, lemuel_doored_altar, minmay_large_rounded_square,
          lemuel_mausoleum_altar_yredelemnul
D:10:     layout_small_grid
D:11:     layout_gridville
D:12:     layout_roguey, special_room [special_room_bee], uniq_josephine
D:13:     minmay_connected_boxes_in_corner, layout_small_grid
D:14:     lemuel_ice_statue, layout_irregular_city,
          hangedman_vaults_entry_quadrant_bands, minmay_misc_feat_chi,
          eino_house_with_fridge, uniq_jorgrun
Temple:   eino_narrow_crystal_temple
Lair:1:   layout_cave_shapes
Lair:2:   layout_cave_pods, minmay_snake_entry_guardpost_large,
          beast_lair_carwin_2, grunt_megastairs_5
Lair:3:   lemuel_ratsnest, layout_layer_cave, gammafunk_ghost_hydra_chop,
          minmay_lindwurm_lava
Lair:4:   layout_regular_city, minmay_shoals_entry_beasts,
          chequers_serial_rivers_micro_d, kennysheep_snail_temple,
          infiniplex_staircase_pool_2
Lair:5:   layout_cellular_growth, nicolae_slime_entry_slimehenge
Lair:6:   minmay_lair_end_frog_pond, layout_regular_city, grunt_megastairs_4,
          uniq_nessos
Orc:1:    layout_caves, basic_altar, uniq_maurice, uniq_nergalle
Orc:2:    grunt_orc_community_town_hall, layout_caves,
          grunt_orc_community_big_house_2, grunt_orc_community_big_house_1,
          grunt_orc_community_house_1, grunt_orc_community_house_1,
          grunt_orc_community_house_2, grunt_orc_community_house_1,
          grunt_orc_community_house_1

Skill      XL: |  1  2  3  4  5  6  7  8  9 10 11 12 13 14 15 |
---------------+----------------------------------------------+-----
Crossbows      | 3 4 5 6 8 9 10 13 14 15 17 20 | 20.3
Fighting       | 3 6 7 8 |  8.0
Dodging        | 6 7 8 |  8.0
Stealth        | 4 5 7 8 |  8.0
Spellcasting   | 3 4 6 |  6.0
Hexes          | 6 7 10 | 10.0
Invocations    | 3 6 7 8 9 10 | 10.0
Evocations     | 4 6 |  6.0
Maces & Flails | 4 8 11 | 11.0

Action                   |  1- 3 |  4- 6 |  7- 9 | 10-12 | 13-15 || total
-------------------------+-------+-------+-------+-------+-------++-------
Melee: Short sword       |    37 |       |       |       |       ||    37
       Mace              |    12 |    85 |       |       |       ||    97
       Morningstar       |       |    51 |   217 |   442 |   436 ||  1146
       War axe           |       |       |       |   144 |    12 ||   156
       Arbalest          |       |       |       |       |     1 ||     1
       Eveningstar       |       |       |       |       |    65 ||    65
 Fire: Hand crossbow     |    40 |    92 |   249 |   462 |       ||   843
       Arbalest          |       |       |       |    71 |   507 ||   578
       Triple crossbow   |       |       |       |       |   162 ||   162
Throw: Dart              |     6 |     4 |     6 |       |     3 ||    19
       Throwing net      |       |       |       |       |     2 ||     2
 Cast: Corona            |    22 |    24 |     9 |    41 |    11 ||   107
       Slow              |       |       |    10 |    13 |     4 ||    27
       Cause Fear        |       |       |       |       |    13 ||    13
       Portal Projectile |       |       |       |       |     6 ||     6
Invok: Heroism           |       |       |       |     1 |       ||     1
 Abil: Evoke Flight      |       |       |       |     1 |       ||     1
Evoke: Wand              |       |       |     1 |       |     6 ||     7
  Use: Scroll            |     1 |     5 |     9 |    16 |    21 ||    52
       Potion            |       |     1 |     3 |     2 |     8 ||    14
 Stab: Sleeping          |       |     1 |     3 |    11 |     7 ||    22
       Distracted        |       |       |       |     1 |       ||     1
  Eat: Chunk             |    12 |     9 |    14 |    40 |    49 ||   124
Armor: Robe              |     7 |    39 |       |       |       ||    46
       Leather armour    |       |       |    68 |    98 |       ||   166
       Skin              |       |       |    19 |     9 |       ||    28
       Troll leather arm |       |       |       |    61 |    20 ||    81
       Quicksilver drago |       |       |       |       |   328 ||   328
Dodge: Dodged            |    47 |   164 |   329 |  1165 |  1039 ||  2744
Block: Other             |       |       |    38 |   141 |   145 ||   324
       Reflection        |       |       |     2 |     2 |     8 ||    12

Table legend:
 A = Non-vault XP
 B = Vault XP
 C = Vault XP percentage of total XP
 D = Non-vault monster count
 E = Vault monster count
 F = Vault count percentage of total count
                 A         B        C        D         E       F
            +---------+---------+-------+---------+---------+-------
      Total |   57746 |   49858 |  46.3 |     462 |     284 |  38.1
            +---------+---------+-------+---------+---------+-------
        D:1 |      34 |       0 |   0.0 |      17 |       0 |   0.0
        D:2 |      87 |      35 |  28.7 |      34 |      11 |  24.4
        D:3 |     123 |     112 |  47.7 |      29 |       3 |   9.4
        D:4 |     387 |      84 |  17.8 |      17 |       3 |  15.0
        D:5 |     509 |     208 |  29.0 |      20 |       1 |   4.8
        D:6 |    1084 |       0 |   0.0 |      29 |       0 |   0.0
        D:7 |    1142 |     504 |  30.6 |      33 |       3 |   8.3
        D:8 |    1634 |     481 |  22.7 |      22 |       7 |  24.1
        D:9 |     629 |     668 |  51.5 |      11 |      12 |  52.2
       D:10 |    3082 |       0 |   0.0 |      23 |       0 |   0.0
       D:11 |    2870 |       0 |   0.0 |      24 |       0 |   0.0
       D:12 |    4124 |    4414 |  51.7 |      21 |      31 |  59.6
       D:13 |   13582 |    9823 |  42.0 |      39 |      21 |  35.0
       D:14 |    2364 |    3050 |  56.3 |       8 |       7 |  46.7
     Lair:1 |    1836 |       0 |   0.0 |       9 |       0 |   0.0
     Lair:2 |    1837 |    1323 |  41.9 |       8 |      10 |  55.6
     Lair:3 |    3191 |    3416 |  51.7 |      14 |      43 |  75.4
     Lair:4 |    4099 |    1598 |  28.0 |      13 |       4 |  23.5
     Lair:5 |    5058 |    7249 |  58.9 |      19 |      30 |  61.2
     Lair:6 |    5284 |    7736 |  59.4 |      18 |      27 |  60.0
      Orc:1 |    2573 |    1251 |  32.7 |      26 |       2 |   7.1
      Orc:2 |    2217 |    7906 |  78.1 |      28 |      69 |  71.1
            +---------+---------+-------+---------+---------+-------
